 Dungeon Crawl Stone Soup version 0.31-a0-231-g51bb95cda3 (webtiles) character file.

Game seed: 8306280174843812463

57 qw the Shooter (level 3, 0/29 HPs)
             Began as a Minotaur Hexslinger on July 6, 2023.
             Succumbed to an adder's poison
             ... on level 2 of the Dungeon.
             The game lasted 00:00:36 (1137 turns).

qw the Shooter (Minotaur Hexslinger)                Turns: 1137, Time: 00:00:37

Health: 0/29       AC:  4    Str: 12    XL:     3   Next: 73%
Magic:  3/3        EV: 12    Int: 10    God:
Gold:   90         SH:  0    Dex: 14    Spells: 3/4 levels left

rFire   . . .        Y - +1 sling
rCold   . . .        (no shield)
rNeg    . . .        g - +0 leather armour
rPois   .            (helmet restricted)
rElec   .            (no cloak)
rCorr   .            h - +0 pair of gloves
SInv    .            (no boots)
Will    .....        (no amulet)
Stlth   +            (no ring)
HPRegen 0.24/turn    (no ring)
MPRegen 0.08/turn

%: no passive effects
@: lethally poisoned (0 -> -10)
A: horns 2, retaliatory headbutt
a: no special abilities


You were on level 2 of the Dungeon.
You visited 1 branch of the dungeon, and saw 2 of its levels.

You collected 90 gold pieces.


Innate Abilities, Weirdness & Mutations

You have a pair of horns on your head.
You reflexively headbutt those who attack you in melee.


   Skills:
 - Level 2.0 Fighting
 + Level 4.2 Ranged Weapons
 - Level 2.1 Dodging
 - Level 1.0 Spellcasting
 - Level 2.0 Hexes


You had 3 spell levels left.
You knew the following spells:

 Your Spells              Type           Power      Damage    Failure   Level
a - Slow                  Hex            16%        N/A       19%         1

Your spell library contained the following spells:

 Spells                   Type           Power      Damage    Failure   Level
 Inner Flame              Hex/Fire       2%         N/A       65%         3
 Portal Projectile        Hex/Tloc       4%         N/A       65%         3
 Cause Fear               Hex            2%         N/A       88%         4

Inventory:

Hand Weapons
 Y - a +1 sling (weapon)
Armour
 g - a +0 leather armour (worn)
 h - a +0 pair of gloves (worn)
Scrolls
 b - a scroll of identify
Potions
 a - a potion of attraction {unknown}
 i - a potion of lignification {unknown}
 j - a potion of enlightenment {unknown}

Dungeon Overview and Level Annotations

Branches:
Dungeon (2/15)

Altars:

Annotations:
D:2 Natasha


Message History

Enter note:
Enter note:
Enter note: You shoot a sling bullet.
The sling bullet hits the plant.
The plant begins to die.
The plant is lightly damaged.
Enter note:
Enter note:
Enter note:
Enter note:
Enter note:
Enter note:
Enter note:
Enter note: Natasha closely misses you.
1132 ||| Stepping ~*~*~tactically~*~*~ (water).
A nearby plant withers and dies.
The adder barely misses you.
You shoot a sling bullet.
The sling bullet closely misses Natasha.
Natasha claws you. The adder bites you.
You are poisoned.
The adder poisons you! Natasha completely misses you.
The adder bites you but does no damage.
You shoot a sling bullet. The sling bullet hits Natasha.
Natasha is moderately wounded.
You feel sick. The adder bites you.
You are more poisoned.
The adder poisons you! Natasha barely misses you.
You shoot a sling bullet. The sling bullet barely misses Natasha.
You feel very sick. The adder bites you.
You are more poisoned.
The adder poisons you! Natasha closely misses you.
The adder bites you but does no damage.
You shoot a sling bullet. The sling bullet barely misses Natasha.
You feel very sick. Natasha claws you. The adder bites you.
You shoot a sling bullet.
The sling bullet closely misses Natasha.
You die...

...~P~P7~~~P.P......
###~~P.~~7~~PP~P#####.#
..P~P~~~7PP.~.........
##PP~77~7PP..########.
##P~~~77PPP..######
..PP~~7~7PP.......#
##P.P~777~PPP#..#.#
#PPPP~7~7~~P~.P.# .
..~P~~7~7~~~~@.# #


...PP~PP~P7ShP# #.##.P(~...P~~...... ........##...###... ##............ .
####..####.### #. .# .. .## You could see Natasha and an adder.

Vanquished Creatures
  A gnoll (D:1)
  2 dart slugs (D:1)
  5 endoplasms (D:1)
  7 goblins
  6 hobgoblins
  2 kobolds (D:1)
  A quokka (D:2)
  3 ball pythons (D:1)
  6 bats
  4 frilled lizards
  3 rats
40 creatures vanquished.

Notes
Turn   | Place    | Note
-------+----------+-------------------------------------------
     0 | D:1      | qw the Minotaur Hexslinger began the quest for the Orb.
     0 | D:1      | Reached XP level 1. HP: 16/16 MP: 1/1
     0 | D:1      | 0 ||| qw: Version: 0.3-a-46-gb1f654a
     0 | D:1      | 0 ||| qw: Game counter: 1929
     0 | D:1      | 0 ||| qw: Melee chars always use a shield: true
     0 | D:1      | 0 ||| qw: God list: Okawaru
     0 | D:1      | 0 ||| qw: Allow faded altars: false
     0 | D:1      | 0 ||| qw: Do Orc after clearing Dungeon:15 true
     0 | D:1      | 0 ||| qw: Do second Lair branch before Depths: true
     0 | D:1      | 0 ||| qw: Lair rune preference: random
     0 | D:1      | 0 ||| qw: Goals: Normal
     0 | D:1      | 0 ||| PLANNING D:1-11
   102 | D:1      | Reached skill level 3 in Ranged Weapons
   113 | D:1      | Reached XP level 2. HP: 22/23 MP: 2/2
   398 | D:1      | Reached XP level 3. HP: 29/29 MP: 3/3
   627 | D:1      | Reached skill level 4 in Ranged Weapons
   756 | D:1      | 756 ||| UPGRADING to +0 leather armour.
   766 | D:1      | 766 ||| DROPPING +0 robe.
   767 | D:1      | 767 ||| UPGRADING to +0 pair of gloves.
   772 | D:1      | 772 ||| READING scroll labelled NEOHAK RIHIP.
   773 | D:1      | 773 ||| READING scroll labelled BEUWYMP LARA.
   774 | D:1      | 774 ||| READING scroll labelled MASIUNN GOTEIGH.
   775 | D:1      | 775 ||| DROPPING scroll of poison.
  1129 | D:2      | Noticed Natasha
  1132 | D:2      | 1132 ||| Stepping ~*~*~tactically~*~*~ (water).
  1136 | D:2      | HP: 6/29 [Natasha (6)]
  1137 | D:2      | Succumbed to an adder's poison

Levels and vault maps discovered:
D:1:      roderic_dead_forest, layout_loops_ring, minmay_3d_cube
D:2:      minmay_razor_zed, layout_basic, serial_bayou, serial_bayou_lagoon_a,
          serial_bayou_pond_a, serial_bayou_pond_d, serial_bayou_pond_a,
          uniq_natasha

Skill      XL: |  1  2  3 |
---------------+----------+-----
Ranged Weapons | 3 4 |  4.2
Fighting       | 2 |  2.0
Dodging        | |  2.1
Spellcasting   | |  1.0
Hexes          | |  2.0

Action                     || total
---------------------------++-------
   Fire: Sling             ||   128
    Use: Scroll            ||     3
 Armour: Robe              ||     8
         Leather armour    ||     4
  Dodge: Dodged            ||    35

Table legend:
 A = Non-vault XP
 B = Vault XP
 C = Vault XP percentage of total XP
 D = Non-vault monster count
 E = Vault monster count
 F = Vault count percentage of total count
                 A         B        C        D         E       F
            +---------+---------+-------+---------+---------+-------
      Total |      73 |       9 |  11.0 |      35 |       5 |  12.5
            +---------+---------+-------+---------+---------+-------
        D:1 |      57 |       9 |  13.6 |      25 |       5 |  16.7
        D:2 |      16 |       0 |   0.0 |      10 |       0 |   0.0
            +---------+---------+-------+---------+---------+-------
